 Dungeon Crawl Stone Soup version 0.26-a0-67-g850bfe61e3 (webtiles) character file.

Game seed: 10450059696853545690

627409 Ozzies the Conqueror (level 27, -14/199 HPs)
             Began as a Gargoyle Fighter on June 12, 2020.
             Was a Priest of the Shining One.
             Killed by Lee's Rapid Deconstruction
             ... invoked by a deep troll earth mage
              (30 damage)
             ... on level 4 of the Depths.
             The game lasted 03:34:10 (73347 turns).

Ozzies the Conqueror (Gargoyle Fighter)            Turns: 73347, Time: 03:34:11

Health: -14/199    AC: 48    Str: 40      XL:     27
Magic:  38/38      EV:  8    Int: 14      God:    the Shining One [***...]
Gold:   6365       SH: 26    Dex:  9 (11) Spells: 39/48 levels left

rFire    + + +     SeeInvis +   e - +8 eveningstar of Battle {flame, rPois Int+4}
rCold    + + +     Gourm    .   R - +0 tower shield
rNeg     + + +     Faith    .   C - +6 plate armour {MR+}
rPois    ∞         Spirit   .   F - +2 hat
rElec    +         Reflect  .   X - scarf {rC+ rF+}
rCorr    .         Harm     .   j - -4 pair of gloves of Xuhener {rN+ MR+ Int-2 Stlth+}
MR       ++++.     Clarity  +   I - +2 pair of boots of Ufruot {rF+ Int+7}
Stlth    ..........             s - amulet "Wutzoif" {rC++ Regen+ Str+7 Int-4}
HPRegen  0.83/turn              p - ring of see invisible
MPRegen  0.26/turn              y - ring of protection from fire

@: mighty, glowing
A: big wings, fangs 1, slimy green scales 1, thin skeletal structure 1, clarity,
negative energy resistance 1, electricity resistance, unbreathing, petrification
resistance, no potion heal 1, rot immunity, AC +20
}: 3/15 runes: serpentine, barnacled, silver
a: Fly, Divine Shield, Renounce Religion


You were on level 4 of the Depths.
You worshipped the Shining One.
The Shining One was most pleased with you.
You were not hungry.

You visited 11 branches of the dungeon, and saw 48 of its levels.
You visited the Abyss 2 times.

You collected 8095 gold pieces.
You spent 1730 gold pieces at shops.

Inventory:

Hand Weapons
 e - the +8 eveningstar of Battle (weapon) {flame, rPois Int+4}
   (Okawaru gifted it to you on level 14 of the Dungeon)

   It has been specially enchanted to burn those struck by it, causing extra
   injury to most foes and up to half again as much damage against particularly
   susceptible opponents.
   It affects your intelligence (+4).
   It protects you from poison.
 m - a +7 sacred scourge of holy wrath
 w - a +7 eveningstar of venom
Armour
 j - the -4 pair of gloves of Xuhener (worn) {rN+ MR+ Int-2 Stlth+}
   (You found it on level 1 of the Elven Halls)

   It affects your intelligence (-2).
   It protects you from negative energy.
   It affects your resistance to hostile enchantments.
   It makes you more stealthy.
 C - a +6 plate armour of magic resistance (worn)
 F - a +2 hat (worn)
 I - the +2 pair of boots of Ufruot (worn) {rF+ Int+7}
   (You found it on level 3 of the Crypt)

   It affects your intelligence (+7).
   It protects you from fire.
 L - a +2 pair of boots of flying
 R - a +0 tower shield (worn)
 X - a scarf of resistance (worn)
Jewellery
 c - a +6 ring of intelligence
 g - an uncursed ring of resist corrosion
 p - a ring of see invisible (left hand)
 s - the amulet "Wutzoif" (around neck) {rC++ Regen+ Str+7 Int-4}
   (You acquired it on level 1 of the Shoals)

   [amulet of regeneration]

   It affects your strength (+7).
   It affects your intelligence (-4).
   It greatly protects you from cold.
   It increases your rate of regeneration.
 t - a +4 ring of slaying
 y - a ring of protection from fire (right hand)
 H - an uncursed ring of protection from fire
 O - an uncursed ring of protection from fire
 Q - an uncursed ring of protection from cold
 W - the amulet "Xacvow" {Spirit rF+ SInv}
   (You bought it in a shop on level 1 of the Depths)

   [amulet of guardian spirit]

   It causes incoming damage to be split between your health and magic.
   It protects you from fire.
   It lets you see invisible.
 Y - an uncursed ring of fire
Wands
 a - a wand of iceblast (32)
 b - a wand of clouds (20)
 i - a wand of disintegration (14)
 B - a wand of enslavement (15)
 E - a wand of flame (44)
 J - a wand of polymorph (39)
 T - a wand of paralysis (13)
 U - a wand of digging (15)
Scrolls
 n - 29 scrolls of remove curse
 o - 2 scrolls of fog
 r - 2 scrolls of identify
 v - 4 scrolls of teleportation
 P - 5 scrolls of fear
 S - a scroll of enchant armour
Potions
 d - 10 potions of might
 h - 3 potions of resistance
 k - 6 potions of stabbing
 l - 6 potions of mutation
 q - 13 potions of lignification
 u - 8 potions of curing
 A - a potion of haste
 D - 4 potions of invisibility
 G - 9 potions of brilliance
 K - 5 potions of magic
 M - 2 potions of berserk rage
 Z - 2 potions of ambrosia
Comestibles
 f - 41 rations


   Skills:
 O Level 27 Fighting
 - Level 21.0 Maces & Flails
 - Level 15.0 Armour
 - Level 21.0 Shields
 + Level 11.2 Spellcasting
 * Level 16.1 Air Magic
 - Level 9.0 Invocations
 - Level 7.0 Evocations


You had 39 spell levels left.
You knew the following spells:

 Your Spells              Type           Power        Failure   Level  Hunger
a - Tornado               Air            ######....   100%        9    #######

Your spell library contained the following spells:

 Spells                   Type           Power        Failure   Level  Hunger
 Shock                    Conj/Air       ####         1%          1    None
 Airstrike                Air            ######....   1%          4    ###....
 Poisonous Vapours        Pois/Air       ####..       3%          2    None
 Swiftness                Chrm/Air       ####....     3%          2    None
 Static Discharge         Conj/Air       ####....     6%          3    None
 Mephitic Cloud           Conj/Pois/Air  ###.....     19%         3    None
 Summon Lightning Spire   Summ/Air       ####....     21%         4    ###....
 Animate Skeleton         Necr           N/A          50%         1    None
 Apportation              Tloc           #.....       50%         1    None
 Beastly Appendage        Tmut           #.....       50%         1    None
 Corona                   Hex            #......      50%         1    None
 Foxfire                  Conj/Fire      #...         50%         1    None
 Freeze                   Ice            #...         50%         1    None
 Infusion                 Chrm           #...         50%         1    None
 Magic Dart               Conj           #...         50%         1    None
 Pain                     Necr           #...         50%         1    None
 Summon Butterflies       Summ           #.......     50%         1    None
 Summon Small Mammal      Summ           #...         50%         1    None
 Lightning Bolt           Conj/Air       ####......   50%         5    #####..
 Silence                  Hex/Air        ####......   50%         5    #####..
 Call Imp                 Summ           #.......     65%         2    None
 Ensorcelled Hibernation  Hex/Ice        #.....       65%         2    None
 Searing Ray              Conj           #.....       65%         2    None
 Shroud of Golubria       Chrm/Tloc      #.....       65%         2    None
 Slow                     Hex            #.......     65%         2    None
 Song of Slaying          Chrm           #.......     65%         2    None
 Call Canine Familiar     Summ           #.......     86%         3    None
 Confusing Touch          Hex            #.......     86%         3    None
 Conjure Flame            Conj/Fire      #.......     86%         3    None
 Dazzling Flash           Conj/Hex       #.....       86%         3    None
 Frozen Ramparts          Ice            #.....       86%         3    None
 Gell's Gravitas          Tloc           #.........   86%         3    None
 Inner Flame              Hex/Fire       #.......     86%         3    None
 Lesser Beckoning         Tloc           #.........   86%         3    None
 Ozocubu's Armour         Chrm/Ice       #.......     86%         3    None
 Portal Projectile        Hex/Tloc       #.....       86%         3    None
 Recall                   Summ/Tloc      N/A          86%         3    None
 Spectral Weapon          Hex/Chrm       #.......     86%         3    None
 Spider Form              Tmut/Pois      #.........   86%         3    None
 Summon Guardian Golem    Hex/Summ       #.......     86%         3    None
 Tukima's Dance           Hex            #.......     86%         3    None
 Vampiric Draining        Necr           #.........   86%         3    None
 Conjure Ball Lightning   Conj/Air       ####......   97%         6    ######.
 Animate Dead             Necr           N/A          99%         4    ###....
 Cause Fear               Hex            #.........   99%         4    ###....
 Fulminant Prism          Conj/Hex       #.........   99%         4    ###....
 Hailstorm                Conj/Ice       #.......     99%         4    ###....
 Ice Form                 Ice/Tmut       #.......     99%         4    ###....
 Iskenderun's Mystic Bla  Conj/Tloc      #.......     99%         4    ###....
 Leda's Liquefaction      Hex/Erth       #.........   99%         4    ###....
 Petrify                  Tmut/Erth      #.......     99%         4    ###....
 Sticky Flame             Conj/Fire      #.......     99%         4    ###....
 Summon Ice Beast         Ice/Summ       #.......     99%         4    ###....
 Agony                    Necr           #.......     100%        5    #####..
 Alistair's Intoxication  Tmut/Pois      #.......     100%        5    #####..
 Borgnjor's Vile Clutch   Necr/Erth      #.........   100%        5    #####..
 Fireball                 Conj/Fire      #.........   100%        5    #####..
 Metabolic Englaciation   Hex/Ice        #.........   100%        5    #####..
 Summon Mana Viper        Hex/Summ       #.......     100%        5    #####..
 Yara's Violent Unravell  Hex/Tmut       #.........   100%        5    #####..
 Darkness                 Hex            #.........   100%        6    ######.
 Death Channel            Necr           #.........   100%        6    ######.
 Freezing Cloud           Conj/Ice/Air   ###.......   100%        6    ######.
 Invisibility             Hex            #.......     100%        6    ######.
 Ozocubu's Refrigeration  Ice            #.........   100%        6    ######.
 Shadow Creatures         Summ           N/A          100%        6    ######.
 Simulacrum               Ice/Necr       #.........   100%        6    ######.
 Haunt                    Necr/Summ      #.........   100%        7    #######
 Ring of Flames           Chrm/Fire      #.........   100%        7    #######
 Summon Hydra             Summ           #.........   100%        7    #######
 Sublimation of Blood     Necr           Unusable     N/A         2    N/A

Dungeon Overview and Level Annotations

Branches:
Dungeon (15/15)            Temple (1/1) D:5            Lair (6/6) D:8
 Shoals (4/4) Lair:2        Snake (4/4) Lair:3        Slime (0/5) Lair:5
    Orc (2/2) D:11            Elf (2/3) Orc:2        Vaults (5/5) D:14
  Crypt (3/3) Vaults:3       Tomb (2/3) Crypt:3      Depths (4/5) D:15

Altars:
Ashenzari
Cheibriados
Dithmenos
Elyvilon
Fedhas
Gozag
Hepliaklqana
Kikubaaqudgha
Makhleb
Nemelex Xobeh
Okawaru
Qazlal
Ru
Sif Muna
Trog
Uskayaw
Vehumet
Wu Jian
Xom
Yredelemnul
Zin
The Shining One
Jiyva

Shops:
D:10 %   D:13 *   Orc:2 ((*(}:([[   Elf:1 =   Elf:2 }*=%   Vaults:2 =
Depths:1 %(}}=

Portals:
Hell: Depths:1 Depths:2 Depths:3
Abyss: Depths:1
Pandemonium: Depths:1 Depths:3
Ziggurat: Depths:2
Trove: D:14 (give 5 potions of resistance)

Annotations:
Depths:4 Mennas


Innate Abilities, Weirdness & Mutations

You are resistant to torment.
Your stone body is resilient. (AC +20)
You are immune to poison.
Your large and strong wings let you fly indefinitely.
You resist negative energy. (rN+)
You are resistant to electric shocks. (rElec)
You can survive without breathing.
You are immune to petrification.
You are immune to rotting.
You have very sharp teeth.
You are partially covered in slimy green scales. (AC +2)
You have a somewhat thin skeletal structure. (Dex +2, Stealth)
You possess an exceptional clarity of mind.
Potions are less effective at restoring your health.


Message History

The deep troll earth mage claws you.
* * * LOW HITPOINT WARNING * * *
The deep troll earth mage points next to you and mumbles some strange words.
Some rock shatters into small pieces.
The stone giant throws a large rock.
You block the large rock.
You see here a large rock.
The tengu reaver mumbles some strange words.
The stone giant throws a large rock.
The large rock hits you!!
* * * LOW HITPOINT WARNING * * *
You see here a large rock.
The lich gestures wildly while chanting.
The deep troll earth mage bites you but does no damage.
The deep troll earth mage claws you but does no damage.
The deep troll earth mage claws you.
* * * LOW HITPOINT WARNING * * *
The deep troll earth mage casts a spell next to you.
Some rock shatters into small pieces.
The deep troll earth mage casts a spell at you.
You shatter!!
You die...

..........#L.#.# #≈≈≈≈#####≈≈≈≈§≈
....≈≈....##Q#.# #......§....
..≈≈≈≈....##...# #.######§≈§#
...≈≈≈....##.C.## ####.#######≈#≈
...≈≈.....#.....###........#.....
......)...#.C(...##........#...≈≈
..........#..>T#..#........#...#≈
..........#.....#.####.#####...##
..........#.....@..........#...##
.....≈.#..[).#.....<.......#...##
...≈.≈....)....[...........#.....
......^...(.^..####.##+##########
....^..........................#
.................####..........##
.................# #...........
......^..........# #.........##
.)...............#####......<..#


You could see 2 stone giants, a tengu reaver and a deep troll earth mage (fast).

Vanquished Creatures
  An ancient lich (Crypt:3)
  The ghost of Konwih the Slayer, a veteran FoFi of Vehumet (Crypt:2)
  5 greater mummies
  Boris (Depths:4)
  Margery (Depths:2)
  The ghost of Koteda the Eclecticist, a veteran DrCj of Vehumet (Crypt:2)
  Bai Suzhen (Crypt:1)
  Frederick (Depths:3)
  2 caustic shrikes (Depths:3)
  Saint Roka (Depths:3)
  A golden dragon (Depths:2)
  Jory (Crypt:3)
  Nikola (Shoals:1)
  The ghost of Vileos the Hand of Fortune, an adept DsGl of Nemelex Xobeh (Vaults:4)
  7 tentacled monstrosities
  10 liches
  The ghost of Sewnetwi the Tortoise, an adept GrFi of Makhleb (Crypt:2)
  The ghost of Titucsi the Tortoise, an adept GrFi of Makhleb (Crypt:2)
  The ghost of Nauwnezu the Tortoise, an adept GrFi of Makhleb (Crypt:2)
  The ghost of Pedghagu the Tortoise, an adept GrFi of Makhleb (Crypt:2)
  The ghost of sirdond the Fencer, an adept MiGl of Okawaru (Shoals:4)
  A deep elf blademaster (Tomb:1)
  10 titans
  2 quicksilver dragons
  A deep elf master archer (Tomb:1)
  5 ancient champions
  8 sphinxes
  4 shadow dragons
  2 tentacled starspawn (Abyss:4)
  4 storm dragons
  Kirke (D:15)
  Ilsuiw (Shoals:2)
  Roxanne (Shoals:1)
  11 tengu reavers
  7 nagarajas
  9 fire giants
  3 deep elf sorcerers
  10 frost giants
  2 iron dragons (Depths:3)
  Aizul (Snake:1)
  16 vault wardens
  Louise (Shoals:2)
  An orc warlord (D:11)
  An angel (Abyss:4)
  2 curse skulls
  12 ghouls
  15 ironheart preservers
  3 spriggan defenders (Depths:3)
  26 stone giants
  A war gargoyle (Vaults:5)
  3 reapers
  15 very ugly things
  26 vampire knights
  A caustic shrike skeleton (Crypt:2)
  The ghost of Senarre the Convoker, a journeyman BaSu of Ru (Elf:1)
  Nessos (D:15)
  3 deep elf annihilators
  4 entropy weavers
  Azrael (Orc:2)
  A deep elf demonologist (Elf:1)
  A dire elephant (D:15)
  A spark wasp (Depths:2)
  Snorg (Lair:3)
  An eidolon (Crypt:2)
  7 deep elf death magi
  9 ettins
  A green death (Abyss:4)
  9 fire dragons
  12 merfolk impalers
  8 merfolk javelineers
  9 mummy priests
  Erolcha (D:13)
  A crystal guardian (Vaults:2)
  8 great orbs of eyes
  7 jiangshi
  A monstrous demonspawn (Depths:1)
  29 yaktaur captains
  12 ice dragons
  5 naga warriors (Snake:4)
  12 hydras
  5 rakshasas
  2 spriggan air magi
  A hydra (shapeshifter) (Vaults:5)
  33 vault guards
  20 centaur warriors
  6 merfolk avatars
  12 anacondas
  An alligator snapping turtle (Shoals:4)
  A spectral human (Vaults:4)
  4 death knights
  37 two-headed ogres
  26 dancing weapons
  5 satyrs
  4 merfolk aquamancers
  12 ogre magi
  5 death scarabs (Tomb:2)
  3 death yaks
  11 deep troll earth magi
  A queen ant (D:13)
  4 tengu warriors
  2 spriggan berserkers
  4 thrashing horrors (Abyss:4)
  17 naga sharpshooters
  6 deep troll shamans
  6 shock serpents
  14 vampire magi
  7 orc high priests
  Sonja (D:10)
  4 storm dragon zombies
  2 fire crabs (shapeshifter)
  A spectral yaktaur (Vaults:4)
  A fire crab (Lair:6)
  25 deep elf knights
  A soul eater (Crypt:3)
  A titan skeleton (Crypt:2)
  21 skeletal warriors
  An iron troll (Depths:2)
  A wretched star (Abyss:4)
  4 shadow wraiths
  A sixfirhy (Abyss:4)
  A golden dragon zombie (Crypt:3)
  A death drake (shapeshifter) (Vaults:3)
  A quicksilver dragon simulacrum (Vaults:4)
  5 sea snakes
  An anaconda zombie (Crypt:3)
  7 flayed ghosts
  3 salamander mystics
  2 hell knights (Depths:2)
  7 glowing orange brains
  20 deep trolls
  5 unseen horrors
  A kraken simulacrum (Shoals:4)
  An unseen horror (shapeshifter) (Depths:3)
  An orange crystal statue (Elf:2)
  A swamp dragon (shapeshifter) (Vaults:5)
  15 deep elf archers
  2 glowing orange brains (shapeshifter) (Depths:3)
  9 ironbrand convokers
  12 naga ritualists
  21 orc knights
  17 phantasmal warriors
  52 deep elf magi
  24 harpies
  12 mana vipers
  3 wolf spiders
  2 wolf spider zombies
  7 necromancers
  An orb spider (shapeshifter) (Depths:2)
  55 ugly things
  A fire giant zombie (Crypt:3)
  A human zombie (Vaults:1)
  A shadow dragon skeleton (Abyss:4)
  6 orc sorcerers
  19 fauns
  11 salamanders
  10 cyclopes
  6 guardian serpents
  22 manticores
  4 elephants (Lair:4)
  An oklob plant (Lair:2)
  8 merfolk sirens
  11 naga magi
  33 black mambas
  10 water nymphs
  A guardian serpent (shapeshifter) (Vaults:4)
  A moth of wrath (shapeshifter) (Depths:2)
  A black mamba (shapeshifter) (D:13)
  A stone giant skeleton (Tomb:1)
  A fire giant skeleton (Crypt:3)
  A titan simulacrum (Vaults:4)
  2 frost giant skeletons
  3 molten gargoyles (Lair:6)
  A smoke demon (Abyss:4)
  A shock serpent skeleton (Crypt:2)
  Joseph (D:7)
  13 vault sentinels
  3 centaur skeletons
  7 spiny frogs
  2 rime drakes (shapeshifter)
  An orange demon (Depths:1)
  An efreet (D:10)
  A rime drake (Lair:2)
  A redback zombie (Crypt:3)
  9 freezing wraiths
  91 yaktaurs
  A catoblepas skeleton (Tomb:1)
  A swamp worm zombie (Crypt:2)
  5 tengu conjurers
  2 tormentors
  11 komodo dragons
  3 ancient zymes (Abyss:4)
  19 guardian mummies
  3 harpy zombies
  A queen bee (shapeshifter) (D:13)
  15 trolls
  2 hydra zombies (Crypt:3)
  A queen ant zombie (Crypt:2)
  A polar bear (shapeshifter) (Vaults:3)
  34 merfolk
  4 wind drakes
  8 hornets
  4 polar bears
  A raiju (shapeshifter) (Depths:2)
  5 blink frogs (Lair:4)
  13 dream sheep
  34 slime creatures
  A slime creature (shapeshifter) (Depths:3)
  3 bog bodies
  12 hippogriffs
  6 snapping turtles
  2 meliai zombies (D:15)
  13 raiju (Abyss:4)
  2 ettin zombies (Crypt:3)
  A stone giant simulacrum (Vaults:4)
  A black mamba zombie (Crypt:3)
  13 flying skulls
  7 shadows
  4 redbacks (Vaults:4)
  A tarantella (shapeshifter) (Depths:3)
  3 wraiths
  2 spriggans
  6 wyverns
  44 yaks
  A yak (shapeshifter) (D:15)
  9 humans (D:14)
  10 ushabtiu
  2 tarantellas (Vaults:4)
  19 vampires (Crypt:3)
  26 water elementals
  2 ynoxinuls
  7 fire elementals
  8 basilisks
  3 hungry ghosts
  A neqoxec (Abyss:4)
  2 steam dragons (Lair:6)
  2 chaos spawn (Depths:1)
  7 vampire mosquitoes
  2 yaktaur simulacra (Vaults:4)
  A merfolk zombie (Crypt:3)
  47 nagas
  10 wargs
  19 soldier ants (D:13)
  5 hell hounds
  12 water moccasins
  2 floating eyes (shapeshifter) (Depths:2)
  3 floating eyes
  A torturous demonspawn skeleton (Crypt:2)
  13 porcupines
  A large abomination (Abyss:4)
  7 ice beasts
  A black bear (Lair:3)
  A phantom (D:7)
  An ettin simulacrum (Vaults:4)
  77 orc warriors
  2 spiny frog skeletons
  6 sky beasts
  5 necrophages
  4 starcursed masses (Abyss:4)
  An eye of draining (shapeshifter) (Vaults:4)
  37 ogres
  13 boggarts
  6 wolves
  28 centaurs
  A centaur (shapeshifter) (Vaults:5)
  An orc skeleton (Vaults:1)
  8 crocodiles
  3 big kobolds
  2 small abominations
  15 bullfrogs
  2 earth elementals
  2 hippogriff zombies (Shoals:1)
  3 glowing shapeshifter simulacra (Vaults:4)
  A warg zombie (Crypt:2)
  3 scorpions
  2 water moccasin skeletons
  2 raiju zombies (Crypt:1)
  13 killer bees
  16 wights
  4 electric eels
  7 howler monkeys
  7 crimson imps
  A wolf skeleton (Crypt:1)
  4 centaur zombies
  7 lava snakes
  2 bullfrog zombies
  3 quasits
  2 basilisk zombies (Crypt:3)
  A hound (D:10)
  43 orc priests
  4 jellies
  26 orc wizards
  3 bullfrog skeletons
  3 iron imps
  3 iguanas
  Ijyb (D:3)
  29 worker ants
  A killer bee zombie (D:10)
  A tengu zombie (Crypt:3)
  A tengu skeleton (Crypt:3)
  An ogre skeleton (Tomb:1)
  2 hound zombies (D:10)
  2 hound skeletons
  25 mummies
  A howler monkey zombie (D:8)
  2 worker ant zombies
  Robin (D:3)
  A gnoll (D:6)
  13 adders
  A steam dragon zombie (Crypt:2)
  11 shadow imps
  4 white imps
  An ufetubus (Depths:3)
  An adder zombie (D:6)
  3 dart slugs
  10 leopard geckos
  112 orcs
  A ball python (D:2)
  5 bats
  A bat skeleton (Crypt:1)
  A giant cockroach (D:4)
  16 goblins
  7 hobgoblins
  20 jackals
  7 quokkas
  A river rat zombie (Crypt:1)
  A ball python skeleton (Crypt:1)
  A frilled lizard (D:2)
  A jackal zombie (D:9)
  18 kobolds
  A leopard gecko skeleton (D:5)
  3 leopard gecko zombies
  2 quokka skeletons
  4 rats
  A plant (Lair:2)
  2 starspawn tentacles (Abyss:4)
  A tentacle (Shoals:4)
2487 creatures vanquished.

Vanquished Creatures (others)
  A wizard (Depths:1)
  A deep elf mage (Elf:1)
  A centaur zombie (D:15)
  A yaktaur (Vaults:5)
  An ancient zyme (Abyss:4)
  A tengu conjurer (Depths:1)
  6 humans
  A naga (Snake:4)
  2 orc warriors
  A boggart (Depths:2)
  An orc wizard (Orc:1)
  7 orcs
  A lurking horror (Abyss:4)
  2 plants
  A starspawn tentacle (Abyss:4)
  7 tentacles (Shoals:4)
35 creatures vanquished.

Grand Total: 2522 creatures vanquished

Notes
Turn   | Place    | Note
-------+----------+-------------------------------------------
     0 | D:1      | Ozzies the Gargoyle Fighter began the quest for the Orb.
     0 | D:1      | Reached XP level 1. HP: 14/14 MP: 1/1
   127 | D:1      | Reached XP level 2. HP: 14/20 MP: 2/2
   283 | D:1      | Reached skill level 4 in Fighting
   716 | D:2      | Reached XP level 3. HP: 24/24 MP: 3/3
   801 | D:2      | Reached skill level 5 in Fighting
  1126 | D:2      | Reached XP level 4. HP: 31/31 MP: 4/4
  1741 | D:3      | Noticed Ijyb
  1752 | D:3      | Killed Ijyb
  1752 | D:3      | Reached skill level 6 in Fighting
  1752 | D:3      | Reached XP level 5. HP: 34/36 MP: 5/5
  1817 | D:3      | Noticed Robin
  2083 | D:3      | Killed Robin
  2577 | D:4      | Reached skill level 7 in Fighting
  2672 | D:4      | Noticed an ogre
  2672 | D:4      | Noticed an ogre
  2741 | D:3      | Killed an ogre
  2741 | D:3      | Reached XP level 6. HP: 11/44 MP: 6/6
  3196 | D:4      | Got a dazzling mace
  3196 | D:4      | Identified the +7 mace of Imminent Death {vorpal, rC+ MR+
                  | Str+2 Dex-4} (You found it on level 4 of the Dungeon)
  3308 | D:4      | Reached XP level 7. HP: 48/48 MP: 7/7
  3820 | D:5      | Entered Level 5 of the Dungeon
  3827 | D:5      | Reached skill level 8 in Fighting
  3859 | D:5      | Found a shimmering blue altar of Sif Muna.
  3883 | D:5      | Found a basalt altar of Yredelemnul.
  3883 | D:5      | Found a shattered altar of Ashenzari.
  3977 | D:5      | Found a staircase to the Ecumenical Temple.
  3986 | Temple   | Entered the Ecumenical Temple
  4465 | D:5      | Reached XP level 8. HP: 50/55 MP: 8/8
  4674 | D:5      | Reached skill level 5 in Armour
  4816 | D:6      | Reached skill level 9 in Fighting
  5126 | D:6      | Found an iron altar of Okawaru.
  5127 | D:6      | Found a bloodstained altar of Trog.
  5438 | D:6      | Became a worshipper of Warmaster Okawaru
  5545 | D:7      | Reached skill level 10 in Fighting
  5545 | D:7      | Reached skill level 5 in Maces & Flails
  5624 | D:7      | Reached skill level 1 in Invocations
  5641 | D:7      | Reached skill level 1 in Evocations
  5641 | D:7      | Reached XP level 9. HP: 60/62 MP: 9/9
  5670 | D:7      | Reached * piety under Okawaru
  6211 | D:7      | Noticed Joseph
  6222 | D:7      | Killed Joseph
  6413 | D:8      | Found a sparkling altar of Nemelex Xobeh.
  6414 | D:8      | Found a shimmering altar of Xom.
  6414 | D:8      | Found an opulent altar of Gozag.
  7148 | D:8      | Found a staircase to the Lair.
  7170 | D:8      | Reached skill level 11 in Fighting
  7179 | D:8      | Reached ** piety under Okawaru
  7348 | D:8      | Reached XP level 10. HP: 69/69 MP: 12/12
  7444 | D:9      | Reached skill level 5 in Shields
  7588 | D:9      | Reached *** piety under Okawaru
  8160 | D:9      | Reached skill level 12 in Fighting
  8309 | D:9      | Gained mutation: You are covered in fur. (AC +1) [potion of
                  | mutation]
  8309 | D:9      | Gained mutation: You are clumsy. (Dex -2) [potion of
                  | mutation]
  8309 | D:9      | Gained mutation: Your mind is acute. (Int +2) [potion of
                  | mutation]
  8310 | D:9      | Lost mutation: Your mind is acute. (Int +2) [potion of
                  | mutation]
  8310 | D:9      | Lost mutation: You are clumsy. (Dex -2) [potion of
                  | mutation]
  8310 | D:9      | Gained mutation: You are partially covered in slimy green
                  | scales. (AC +2) [potion of mutation]
  8310 | D:9      | Gained mutation: You have an increased reservoir of magic.
                  | (+10% MP) [potion of mutation]
  8310 | D:9      | Gained mutation: You have a pair of small horns on your
                  | head. [potion of mutation]
  8311 | D:9      | Lost mutation: You have a pair of small horns on your head.
                  | [potion of mutation]
  8311 | D:9      | Lost mutation: You are covered in fur. (AC +1) [potion of
                  | mutation]
  8311 | D:9      | Gained mutation: You have very sharp teeth. [potion of
                  | mutation]
  8311 | D:9      | Gained mutation: You have sharp toenails. [potion of
                  | mutation]
  8312 | D:9      | Lost mutation: You have sharp toenails. [potion of
                  | mutation]
  8312 | D:9      | Lost mutation: You have an increased reservoir of magic.
                  | (+10% MP) [potion of mutation]
  8312 | D:9      | Gained mutation: You possess an exceptional clarity of
                  | mind. [potion of mutation]
  8312 | D:9      | Gained mutation: You have a somewhat thin skeletal
                  | structure. (Dex +2, Stealth) [potion of mutation]
  8552 | D:9      | Reached **** piety under Okawaru
  8590 | D:10     | Entered Level 10 of the Dungeon
  8835 | D:10     | Reached XP level 11. HP: 76/76 MP: 14/14
  8860 | D:10     | Reached ***** piety under Okawaru
  9028 | D:10     | Found Noulusm's Food Emporium.
  9064 | D:10     | Noticed Sonja
  9086 | D:10     | Killed Sonja
  9709 | D:11     | Noticed a cyclops
  9720 | D:11     | Killed a cyclops
  9738 | D:11     | Noticed a four-headed hydra
 10013 | D:11     | Killed a four-headed hydra
 10013 | D:11     | Received a gift from Okawaru
 10013 | D:11     | Reached skill level 5 in Invocations
 10032 | D:11     | Noticed a manticore
 10045 | D:11     | Killed a manticore
 10119 | D:11     | Noticed a red ugly thing
 10398 | D:11     | Noticed a brown ugly thing
 10399 | D:11     | Noticed a white ugly thing
 10413 | D:11     | Killed a brown ugly thing
 10413 | D:11     | Reached skill level 5 in Evocations
 10424 | D:11     | Killed a brown ugly thing
 10556 | D:10     | Reached skill level 13 in Fighting
 10850 | D:11     | Killed a red ugly thing
 11170 | D:11     | Found a staircase to the Orcish Mines.
 11254 | D:11     | Found a runed translucent door.
 11593 | D:11     | Reached XP level 12. HP: 84/84 MP: 16/16
 11808 | Lair:1   | Entered Level 1 of the Lair of Beasts
 12175 | Lair:1   | Noticed a five-headed hydra
 12183 | Lair:1   | Killed a five-headed hydra
 13178 | Lair:1   | Got a steaming robe
 13188 | Lair:1   | Identified the +2 robe of Slovenliness {+Blink} (You found
                  | it on level 1 of the Lair of Beasts)
 13381 | Lair:2   | Found a staircase to the Shoals.
 13640 | Lair:2   | Noticed a four-headed hydra
 13655 | Lair:2   | Killed a four-headed hydra
 14049 | Lair:2   | Noticed a five-headed hydra
 14055 | Lair:2   | Killed a five-headed hydra
 14055 | Lair:2   | Received a gift from Okawaru
 14131 | Lair:2   | Noticed a four-headed hydra
 14143 | Lair:2   | Killed a four-headed hydra
 14143 | Lair:2   | Reached skill level 14 in Fighting
 14583 | D:9      | Identified a scroll of acquirement
 14814 | Lair:3   | Noticed Snorg
 15175 | Lair:3   | Killed Snorg
 15175 | Lair:3   | Reached XP level 13. HP: 75/90 MP: 18/18
 15977 | Lair:3   | Found a staircase to the Snake Pit.
 16268 | Lair:4   | Reached skill level 10 in Maces & Flails
 16489 | Lair:3   | Reached skill level 15 in Fighting
 16489 | Lair:3   | Reached skill level 10 in Armour
 16689 | Lair:4   | Received a gift from Okawaru
 17211 | Lair:4   | Got a slimy chain mail
 17221 | Lair:4   | Identified the +0 chain mail of Weirdness {Harm Int+5} (You
                  | found it on level 4 of the Lair of Beasts)
 17430 | Lair:5   | Found a viscous altar of Jiyva.
 17430 | Lair:5   | Found a staircase to the Slime Pits.
 17584 | Lair:5   | Reached ****** piety under Okawaru
 18116 | Lair:6   | Entered Level 6 of the Lair of Beasts
 18256 | Lair:5   | Received a gift from Okawaru
 18256 | Lair:5   | Reached skill level 16 in Fighting
 18410 | Lair:6   | Gained mutation: Your large and strong wings let you fly
                  | indefinitely. [Gargoyle growth]
 18410 | Lair:6   | Reached XP level 14. HP: 92/100 MP: 19/19
 19210 | Lair:6   | Found a large runed translucent door.
 19210 | Lair:6   | Found a large runed translucent door.
 19218 | Lair:6   | Reached skill level 17 in Fighting
 19279 | Lair:6   | Received a gift from Okawaru
 20352 | Orc:1    | Entered Level 1 of the Orcish Mines
 20363 | Orc:1    | Noticed an orc warlord
 20523 | D:11     | Killed an orc warlord
 21579 | Orc:1    | Received a gift from Okawaru
 22163 | Orc:2    | Entered Level 2 of the Orcish Mines
 22211 | Orc:2    | Found Ves Isto's Antique Weapon Shop.
 22253 | Orc:2    | Found Ucaditom's Antique Weapon Shop.
 22296 | Orc:2    | Reached skill level 18 in Fighting
 22304 | Orc:2    | Reached XP level 15. HP: 89/108 MP: 21/21
 22352 | Orc:2    | Noticed Azrael
 22362 | Orc:2    | Killed Azrael
 22650 | Orc:2    | Found a burning altar of Makhleb.
 23098 | Orc:2    | Found Asuwnutask's General Store.
 23099 | Orc:2    | Found a staircase to the Elven Halls.
 23926 | Orc:2    | Found Kazxots's Weapon Boutique.
 24134 | Orc:2    | Found Jyam's Armour Shoppe.
 24359 | Orc:2    | Found Xelir Gasch's Armour Shop.
 24362 | Orc:2    | Found Vidi's Book Shop.
 24363 | Orc:2    | Found Jeoblal's Gadget Shop.
 24364 | Orc:2    | Found Celihirph's Weapon Boutique.
 24596 | Elf:1    | Entered Level 1 of the Elven Halls
 24656 | Elf:1    | Received a gift from Okawaru
 24871 | Elf:1    | Reached skill level 19 in Fighting
 25697 | Elf:1    | Noticed Senarre's ghost (journeyman BaSu)
 25795 | Elf:1    | Found a runed translucent gate.
 25795 | Elf:1    | Found a runed translucent gate.
 25797 | Elf:1    | Found a runed translucent gate.
 26236 | Elf:1    | Received a gift from Okawaru
 26302 | Elf:1    | Noticed a deep elf sorcerer
 26621 | Elf:1    | Found Ytei's Jewellery Shoppe.
 26913 | Elf:1    | Killed a deep elf sorcerer
 26918 | Elf:1    | Reached XP level 16. HP: 67/116 MP: 22/22
 27575 | Elf:1    | Noticed an Ice Fiend
 27758 | Elf:1    | Killed Senarre's ghost
 27795 | Elf:1    | Got a fine turquoise ring
 27797 | Elf:1    | Identified the ring "Poerujor" {Ice rN+} (You found it on
                  | level 1 of the Elven Halls)
 27873 | Elf:1    | Got a pair of distressingly furry gloves
 27883 | Elf:1    | Identified the cursed -4 pair of gloves of Xuhener {rN+ MR+
                  | Int-2 Stlth+} (You found it on level 1 of the Elven Halls)
 28187 | Elf:2    | Found Uryxuqamn's General Store.
 28210 | Elf:2    | Found Patsear's Jewellery Shoppe.
 28260 | Elf:2    | Found Hiobut's Food Shoppe.
 28966 | Elf:2    | Found a huge runed translucent gate.
 28966 | Elf:2    | Found a huge runed translucent gate.
 28966 | Elf:2    | Found a huge runed translucent gate.
 28966 | Elf:2    | Found a huge runed translucent gate.
 28966 | Elf:2    | Found a huge runed translucent gate.
 29040 | Elf:2    | Found Qyifiqin's Gadget Emporium.
 29137 | Elf:2    | Received a gift from Okawaru
 30386 | Elf:2    | Reached skill level 20 in Fighting
 30437 | Elf:2    | Cast into level 4 of the Abyss (+4 halberd of distortion)
 30471 | Abyss:4  | Noticed a tentacled starspawn
 30477 | Abyss:4  | Killed a tentacled starspawn
 30619 | Abyss:4  | Noticed a quicksilver dragon
 30632 | Abyss:4  | Killed a quicksilver dragon
 30632 | Abyss:4  | Reached skill level 10 in Shields
 30823 | Abyss:4  | Reached XP level 17. HP: 113/124 MP: 23/23
 30840 | Abyss:4  | Received a gift from Okawaru
 30872 | Elf:2    | Escaped the Abyss
 30904 | Elf:2    | Cast into level 4 of the Abyss (+4 halberd of distortion)
 30904 | Abyss:4  | Found a corrupted altar of Lugonu.
 31097 | Abyss:4  | Found a huge runed gate.
 31097 | Abyss:4  | Found a huge runed gate.
 31097 | Abyss:4  | Found a huge runed gate.
 31104 | Abyss:4  | Gained mutation: Potions are less effective at restoring
                  | your health. [a neqoxec]
 31119 | Abyss:4  | Received a gift from Okawaru
 31341 | Abyss:4  | Noticed a tentacled starspawn
 31347 | Abyss:4  | Killed a tentacled starspawn
 31356 | Elf:2    | Escaped the Abyss
 31367 | Elf:2    | Reached skill level 15 in Maces & Flails
 32386 | D:13     | Noticed Erolcha
 32490 | D:13     | Killed Erolcha
 32892 | D:13     | Found Dompet's General Store.
 32906 | D:13     | Bought a +2 plate armour of magic resistance for 560 gold
                  | pieces
 32921 | D:13     | Found a hazy altar of Hepliaklqana.
 33518 | D:14     | Received a gift from Okawaru
 33622 | D:14     | Got a crude eveningstar {god gift}
 33622 | D:14     | Identified the +8 eveningstar of Battle {flame, rPois
                  | Int+4} (Okawaru gifted it to you on level 14 of the
                  | Dungeon)
 33818 | D:14     | Reached skill level 21 in Fighting
 33905 | D:14     | Found a portal to a secret trove of treasure.
 34037 | D:14     | Found a gate to the Vaults.
 34372 | D:15     | Entered Level 15 of the Dungeon
 34384 | D:15     | Noticed Kirke
 34397 | D:15     | Killed Kirke
 34734 | D:15     | Reached XP level 18. HP: 125/132 MP: 24/24
 35016 | D:15     | Received a gift from Okawaru
 35129 | D:15     | Found a staircase to the Depths.
 35477 | D:15     | Noticed Nessos
 35504 | D:15     | Killed Nessos
 35837 | Depths:1 | Entered Level 1 of the Depths
 36115 | Depths:1 | Found a one-way gate leading to the halls of Pandemonium.
 36592 | Depths:1 | Found a one-way gate to the infinite horrors of the Abyss.
 36598 | Depths:1 | Found Maamoc's Weapon Shop.
 36608 | Depths:1 | Found Xaekue's Food Shop.
 36678 | Depths:1 | Found Jydegho's Jewellery Shop.
 36679 | Depths:1 | Found Imawn's Gadget Shoppe.
 36679 | Depths:1 | Found Degoryen's Gadget Shoppe.
 36845 | Depths:1 | Found a gateway to Hell.
 36910 | Depths:1 | Bought the amulet "Xacvow" {Spirit rF+ SInv} for 915 gold
                  | pieces
 37273 | Depths:1 | Received a gift from Okawaru
 37981 | Depths:2 | Reached skill level 22 in Fighting
 38012 | Depths:2 | Received a gift from Okawaru
 38038 | Depths:2 | Paralysed by a floating eye for 2 turns
 38038 | Depths:2 | Noticed a tentacled monstrosity
 38049 | Depths:2 | Killed a tentacled monstrosity
 38057 | Depths:2 | Noticed a tentacled monstrosity
 38063 | Depths:2 | Killed a tentacled monstrosity
 38063 | Depths:2 | Reached XP level 19. HP: 98/139 MP: 21/25
 38197 | Depths:2 | Identified the Papyrus of Snow
 38782 | Depths:2 | Received a gift from Okawaru
 38903 | Depths:2 | Got a dazzling hat {god gift}
 38913 | Depths:2 | Identified the -6 hat "Niohy" {rPois MP-9 SInv} (Okawaru
                  | gifted it to you on level 2 of the Depths)
 38979 | Depths:2 | Found a gateway to a ziggurat.
 39174 | Depths:2 | Identified the +4 dagger of Nygashih {venom, rF++ Int+8}
                  | (You found it on level 2 of the Depths)
 39319 | Depths:2 | Paralysed by a floating eye for 2 turns
 39728 | Depths:3 | Noticed Margery
 39743 | Depths:3 | Noticed Saint Roka
 39756 | Depths:2 | Killed Margery
 40930 | Depths:3 | Killed Saint Roka
 40930 | Depths:3 | Reached skill level 23 in Fighting
 41086 | Depths:3 | Paralysed by a floating eye for 4 turns
 41503 | Depths:3 | Received a gift from Okawaru
 41507 | Depths:3 | Noticed a lich
 41515 | Depths:3 | Paralysed by a floating eye for 2 turns
 41952 | Depths:2 | Killed a lich
 41959 | Depths:2 | Reached XP level 20. HP: 121/148 MP: 21/26
 42183 | Depths:3 | Paralysed by a floating eye for 4 turns
 42869 | Depths:3 | Reached skill level 15 in Shields
 42974 | Depths:3 | Reached skill level 15 in Armour
 42992 | Depths:3 | Received a gift from Okawaru
 43137 | Depths:3 | Reached skill level 24 in Fighting
 43575 | Depths:3 | Noticed a caustic shrike
 43589 | Depths:3 | Killed a caustic shrike
 43917 | Depths:3 | Received a gift from Okawaru
 44585 | Depths:3 | Got a dazzling demon whip {god gift}
 44585 | Depths:3 | Identified the +7 demon whip of Koqoeppiel {vamp, *Rage
                  | Int+8 Stlth+} (Okawaru gifted it to you on level 3 of the
                  | Depths)
 44603 | Depths:3 | Noticed a golden dragon
 44605 | Depths:3 | Noticed Frederick
 44987 | Depths:2 | Killed a golden dragon
 44987 | Depths:2 | Received a gift from Okawaru
 44987 | Depths:2 | Reached XP level 21. HP: 143/156 MP: 24/27
 45122 | Depths:3 | Killed Frederick
 45322 | Depths:3 | Noticed a caustic shrike
 45339 | Depths:3 | Killed a caustic shrike
 45822 | Depths:3 | Received a gift from Okawaru
 45822 | Depths:3 | Reached skill level 25 in Fighting
 46500 | Snake:1  | Entered Level 1 of the Snake Pit
 46633 | Snake:1  | Noticed Aizul
 46646 | Snake:1  | Killed Aizul
 48657 | Snake:3  | Identified the +6 morningstar of the Glimmering Weasel
                  | {freeze, *Contam Int+4 Stlth+} (You found it on level 3 of
                  | the Snake Pit)
 48805 | Snake:4  | Entered Level 4 of the Snake Pit
 49008 | Snake:4  | Received a gift from Okawaru
 49244 | Snake:4  | Reached skill level 26 in Fighting
 49244 | Snake:4  | Reached XP level 22. HP: 86/166 MP: 14/28
 49854 | Snake:4  | Got a serpentine rune of Zot
 50850 | Shoals:1 | Entered Level 1 of the Shoals
 51071 | Shoals:1 | Noticed Nikola
 51086 | Shoals:1 | Got the amulet "Wutzoif" {rC++ Regen+ Str+7 Int-4}
 51107 | Shoals:1 | Killed Nikola
 51218 | Shoals:1 | Received a gift from Okawaru
 51281 | Shoals:1 | Identified Roxanne's Almanac of Stones
 51281 | Shoals:1 | Noticed Roxanne
 51302 | Shoals:1 | Killed Roxanne
 51825 | Shoals:2 | Noticed Ilsuiw
 52020 | Shoals:2 | Noticed Louise
 52034 | Shoals:2 | Killed Louise
 52251 | Shoals:2 | Killed Ilsuiw
 52934 | Shoals:3 | Reached skill level 27 in Fighting
 53748 | Shoals:4 | Entered Level 4 of the Shoals
 54004 | Shoals:4 | Found a runed translucent door.
 54013 | Shoals:4 | Found a shimmering altar of Xom.
 54013 | Shoals:4 | Noticed sirdond's ghost (adept MiGl)
 54013 | Shoals:4 | Identified the +8 morningstar of Orogamm {chaos, Stlth+}
 54019 | Shoals:4 | Received a gift from Okawaru
 54052 | Shoals:4 | Killed sirdond's ghost
 54156 | Shoals:4 | Reached XP level 23. HP: 160/175 MP: 29/29
 54738 | Shoals:4 | Got a barnacled rune of Zot
 55561 | Vaults:1 | Entered Level 1 of the Vaults
 55807 | Vaults:1 | Received a gift from Okawaru
 57276 | Vaults:2 | Received a gift from Okawaru
 57447 | Vaults:2 | Reached XP level 24. HP: 181/181 MP: 29/29
 58474 | Vaults:2 | Found Reuss's Jewellery Boutique.
 59433 | Vaults:3 | Received a gift from Okawaru
 59488 | Vaults:3 | Found a staircase to the Crypt.
 60482 | Vaults:4 | Found a runed translucent gate.
 60482 | Vaults:4 | Found a runed translucent gate.
 60482 | Vaults:4 | Found a runed translucent gate.
 60482 | Vaults:4 | Noticed Vileos's ghost (adept DsGl)
 60543 | Vaults:4 | Killed Vileos's ghost
 61034 | Vaults:4 | Learned a level 9 spell: Tornado
 61136 | Vaults:4 | Reached XP level 25. HP: 187/187 MP: 29/29
 61497 | Vaults:4 | Received a gift from Okawaru
 61504 | Vaults:4 | Reached skill level 1 in Air Magic
 61775 | Vaults:5 | Entered Level 5 of the Vaults
 61845 | Vaults:5 | Identified the +6 scimitar "Hofoimea" {venom, rN+ Dex+2}
 61847 | Vaults:5 | Reached skill level 5 in Air Magic
 62208 | Vaults:5 | Identified the amulet "Balor" {RegenMP +Fly Stlth+}
 62225 | Vaults:5 | Received a gift from Okawaru
 62226 | Vaults:5 | Found the +6 shillelagh "Devastator" {shatter}
 62324 | Vaults:5 | Identified the +2 demon blade of the King {freeze, rElec
                  | MR- Int+8 Stlth-}
 62518 | Vaults:5 | Identified the amulet "Diaky" {RegenMP rElec}
 62626 | Vaults:5 | Identified the +4 chain mail of Extuq {rElec rF- Stlth+}
 62629 | Vaults:5 | Identified the cursed +0 robe "Erutz" {Str+4}
 62651 | Vaults:5 | Received a gift from Okawaru
 63001 | Vaults:5 | Reached skill level 10 in Air Magic
 63114 | Vaults:5 | Reached XP level 26. HP: 193/193 MP: 29/29
 63295 | Vaults:5 | Identified the amulet "Ublo" {*Contam rElec rPois Regen+}
 63435 | Vaults:5 | Got a silver rune of Zot
 63707 | Vaults:5 | Reached XP level 27. HP: 156/199 MP: 29/29
 63833 | Vaults:5 | Identified the Handbook of Supportive Moulding
 64109 | Crypt:1  | Entered Level 1 of the Crypt
 64254 | Crypt:1  | Found the +12 Vampire's Tooth {vamp}
 64280 | Crypt:1  | Noticed Bai Suzhen
 64590 | Crypt:1  | Received a gift from Okawaru
 64631 | Crypt:1  | Identified the +3 buckler "Ciran" {rN+ Regen+} (You found
                  | it on level 1 of the Crypt)
 64772 | Vaults:2 | Bought an uncursed ring of see invisible for 255 gold
                  | pieces
 65277 | Crypt:1  | Killed Bai Suzhen
 65708 | Crypt:2  | Found a huge runed gate.
 65709 | Crypt:2  | Found a huge runed gate.
 65709 | Crypt:2  | Found a huge runed gate.
 65710 | Crypt:2  | Found a huge runed gate.
 65711 | Crypt:2  | Found a huge runed gate.
 65712 | Crypt:2  | Found a huge runed gate.
 65713 | Crypt:2  | Found a huge runed gate.
 65714 | Crypt:2  | Found a huge runed gate.
 65715 | Crypt:2  | Found a huge runed gate.
 65716 | Crypt:2  | Found a huge runed gate.
 65721 | Crypt:2  | Found a huge runed gate.
 65721 | Crypt:2  | Found a huge runed gate.
 65744 | Crypt:2  | Found a huge runed gate.
 65744 | Crypt:2  | Found a huge runed gate.
 65744 | Crypt:2  | Found a huge runed gate.
 65745 | Crypt:2  | Found a huge runed gate.
 65745 | Crypt:2  | Found a huge runed gate.
 65766 | Crypt:2  | Found a huge runed gate.
 65766 | Crypt:2  | Found a huge runed gate.
 65766 | Crypt:2  | Found a huge runed gate.
 65771 | Crypt:2  | Found a huge runed gate.
 65771 | Crypt:2  | Found a huge runed gate.
 65774 | Crypt:2  | Found a huge runed gate.
 65774 | Crypt:2  | Found a huge runed gate.
 65775 | Crypt:2  | Found a huge runed gate.
 66161 | Crypt:2  | Found a huge runed gate.
 66298 | Crypt:2  | Noticed Konwih's ghost (veteran FoFi)
 66298 | Crypt:2  | Noticed Nauwnezu's ghost (adept GrFi)
 66298 | Crypt:2  | Noticed Pedghagu's ghost (adept GrFi)
 66298 | Crypt:2  | Noticed Koteda's ghost (veteran DrCj)
 66298 | Crypt:2  | Noticed Sewnetwi's ghost (adept GrFi)
 66299 | Crypt:2  | Noticed Titucsi's ghost (adept GrFi)
 66301 | Crypt:2  | Noticed Titucsi's ghost (adept GrFi)
 66319 | Crypt:2  | Killed Pedghagu's ghost
 66324 | Crypt:2  | Killed Sewnetwi's ghost
 66352 | Crypt:2  | Killed Nauwnezu's ghost
 66569 | Crypt:3  | Entered Level 3 of the Crypt
 66638 | Crypt:2  | Killed Konwih's ghost
 66638 | Crypt:2  | Received a gift from Okawaru
 66645 | Crypt:2  | Killed Titucsi's ghost
 66778 | Crypt:2  | Killed Koteda's ghost
 66900 | Crypt:3  | Reached skill level 1 in Spellcasting
 67104 | Crypt:3  | Reached skill level 15 in Air Magic
 67161 | Crypt:3  | Received a gift from Okawaru
 67303 | Crypt:3  | Found a staircase to the Tomb.
 67303 | Crypt:3  | Noticed an ancient lich
 67314 | Crypt:3  | Killed an ancient lich
 67314 | Crypt:3  | Reached skill level 5 in Spellcasting
 67959 | Crypt:3  | Received a gift from Okawaru
 67987 | Crypt:3  | Noticed Jory
 68011 | Crypt:3  | Killed Jory
 68110 | Crypt:3  | Got a pair of smoking boots
 68124 | Crypt:3  | Identified the +2 pair of boots of Ufruot {rF+ Int+7} (You
                  | found it on level 3 of the Crypt)
 68138 | Crypt:3  | Identified Bota's Reference Book on Sinister Rituals
 68146 | Crypt:3  | Identified the +3 morningstar of Dohockuaga {chaos, *Drain
                  | rC- Str+6 Dex+10} (You found it on level 3 of the Crypt)
 68460 | Tomb:1   | Entered Level 1 of the Tomb of the Ancients
 68647 | Tomb:1   | Reached skill level 10 in Spellcasting
 69064 | Tomb:1   | Noticed a greater mummy
 69073 | Tomb:1   | Killed a greater mummy
 70108 | Temple   | Fell from the grace of Okawaru
 70108 | Temple   | Became a worshipper of the Shining One
 70765 | Tomb:2   | Noticed a greater mummy
 70765 | Tomb:2   | Noticed a greater mummy
 70770 | Tomb:2   | Reached * piety under the Shining One
 70772 | Tomb:2   | Noticed a greater mummy
 70778 | Tomb:2   | Killed a greater mummy
 70811 | Tomb:2   | Reached ** piety under the Shining One
 70818 | Tomb:2   | Noticed a greater mummy
 70871 | Tomb:2   | Killed a greater mummy
 71748 | Tomb:2   | Killed a greater mummy
 71748 | Tomb:2   | Reached *** piety under the Shining One
 71756 | Tomb:2   | Killed a greater mummy
 71784 | Tomb:2   | HP: 7/199 [mummy priest/divine providence (14)]
 71797 | Tomb:1   | HP: 4/199 [titan/the air[the fury of Okawaru] (18)]
 73182 | Depths:4 | Noticed Boris
 73190 | Depths:4 | Killed Boris
 73304 | Depths:4 | Noticed Mennas
 73312 | Depths:4 | Paralysed by a floating eye for 4 turns
 73347 | Depths:4 | Killed from afar by a deep troll earth mage

Illustrated notes

Levels and vault maps discovered:
D:1:      beargit_arrival_greenhouse, layout_rooms, minmay_bisected
D:2:      layout_loops_corners
D:3:      layout_basic, uniq_ijyb, uniq_robin
D:4:      kennysheep_six_static_rooms, layout_basic, first_ration,
          small_statue_intersection
D:5:      minmay_angry_zag, layout_rooms, gammafunk_temple_overflow_elements,
          minmay_temple_entry_tees, basic_altar
D:6:      layout_rooms, grunt_temple_overflow_bloody_war
D:7:      layout_basic, uniq_joseph
D:8:      layout_basic, chequers_temple_overflow_statue_of_worship,
          lair_entry_dummy
D:9:      layout_gridville, grunt_ogre_cave, minmay_joined_circles
D:10:     layout_basic, serial_shops, shop, minmay_fire_ice_demons, uniq_sonja
D:11:     layout_basic, minmay_orc_entry_guard_dogs, gauntlet_entry_generic,
          lightli_airlock
D:12:     layout_big_octagon
D:13:     layout_long_grid, basic_altar, serial_shops, shop_fountains,
          zaba_antful_of_joy, uniq_erolcha
D:14:     layout_cave_pools, ximxim_vaults_locker_room,
          nicolae_trove_entry_crossroad, nrook_uturn, kennysheep_diamond
D:15:     hangedman_depths_entry_try_elsewhere_first, layout_basic, uniq_nessos,
          uniq_kirke
Temple:   regret_index_temple_generic_petals
Lair:1:   layout_layer_cave
Lair:2:   layout_gridlike, shoals_dummy_entry, grunt_megastairs_4,
          minmay_lair_oklob_chamber
Lair:3:   layout_cave_pods, minmay_snake_entry_guardpost_medium,
          beast_lair_carwin_6, lemuel_fruit_tree, serial_bayou_shore_a,
          serial_bayou_shore_b, uniq_snorg
Lair:4:   layout_gridlike, lookout_lair_type, kilobyte_rumbling_trees
Lair:5:   layout_loops_ring, slime_altar_1, minmay_hedge_maze
Lair:6:   cheibrodos_lair_end_hotspot, layout_regular_city, st_stairs_5
Shoals:1: layout_shoals, nicolae_shoals_undead_eyrie, uniq_roxanne, uniq_nikola
Shoals:2: layout_shoals, uniq_ilsuiw, uniq_louise
Shoals:3: layout_shoals
Shoals:4: shoals_end_grunt_ice, layout_shoals, shoal_ilsuiw, ebering_ghost_xom
Snake:1:  cheibrodos_forgotten_conduit, layout_layer_cave, uniq_aizul
Snake:2:  layout_concentric_octagons, grunt_megastairs_5
Snake:3:  nrook_guardian_serpent_snake_passage, layout_rooms, special_room
Snake:4:  johnstein_snake_rune_scales, layout_basic, serial_bayou_shore_b
Orc:1:    layout_caves, elves_outpost_lemuel
Orc:2:    st_orc_pillars, layout_diamond_mine, serial_shops, shop_fountains,
          shop, shop, shop, shop_statue, david_defended_altar_orc, uniq_azrael
Elf:1:    layout_loops_cross, gammafunk_ghost_split, serial_shops, shop,
          hangedman_elf_represent
Elf:2:    layout_geoelf_grid, serial_shops,
          nicolae_shop_competitors_out_of_business, shop_fountains, shop_statue,
          shop, minivault_16
Vaults:1: nicolae_vaults_windows_and_doors_thing, ontoclasm_vaults_fault,
          vaults_room_fours, st_lines, v_pattern_1, nicolae_vaults_alarming,
          layout_vaults_quadrants
Vaults:2: nicolae_vaults_little_squares_6, nicolae_vaults_triangles,
          vaults_mumra_lcd, grunt_vaults_swirl, vaults_room_hallway, v_rooms_1,
          vaults_dpeg_doors, nicolae_vaults_yaktaur_gun_rack, v_pattern_2,
          v_misc_2, v_misc_19, grunt_vaults_hallway_short, grunt_vaults_focal,
          layout_vaults_big_cross, serial_shops, nicolae_shop_crystal
Vaults:3: nicolae_vaults_theta, v_misc_33, nicolae_vaults_display_case,
          nicolae_vaults_what_the_h, ontoclasm_vaults_loading_screen,
          minmay_crypt_entry_simple_sparse, v_misc_23, v_rooms_4,
          vaults_dpeg_cross, ontoclasm_vaults_spin, layout_vaults_omnibox
Vaults:4: gammafunk_vaults_ghost_necromancy, nicolae_vaults_ninety_degrees,
          v_alt_pattern_6, v_misc_11, v_misc_15, nicolae_vaults_network_square,
          vaults_room_pool, v_misc_10, nicolae_vaults_angled_halls,
          nicolae_vaults_network_s, nicolae_vaults_little_squares_1,
          layout_vaults_maze
Vaults:5: serial_shops
Crypt:1:  layout_regular_city, st_stairs_11,
          minmay_guarded_unrand_vampires_tooth, grunt_crypt_arrival_split,
          uniq_bai_suzhen
Crypt:2:  layout_misc_corridors, gammafunk_ghost_door_vault,
          grunt_ministairs_15, wad_floor_pattern_untrapped,
          nicolae_crypt_statuary_hall
Crypt:3:  due_elkab, layout_chaotic_city, nicolae_crypt_cryptocurrency
Tomb:1
Tomb:2
Depths:1: layout_gridville, grunt_pan_entry_sceptre, nicolae_two_hexagons,
          serial_shops, shop, shop, abyss_entry, hell_entry, minmay_misc_feat_x,
          kennysheep_nondescript, lemuel_nasty_fountain, minmay_shop_grove
Depths:2: minmay_the_grid_plus_closed [minmay_the_grid_plusring,
          minmay_the_grid_minigrid_small_alt, minmay_the_grid_empty,
          minmay_the_grid_minigrid_small,
          minmay_the_grid_prize_shrinking_boxes], layout_gridlike,
          enter_ziggurat_e, infiniplex_staircase_pillars_1,
          pf_vacation_house_of_asmodeus, grunt_decor_cap
Depths:3: minmay_octagon_city, layout_cave_pools, grunt_pan_entry_in_and_out,
          hell_entry, chequers_serial_rivers_small_a, uniq_margery,
          uniq_saint_roka, uniq_frederick
Depths:4: thingy_vault, layout_basic, hell_entry, abyss_entry, minmay_holes,
          minmay_three_doors, uniq_mennas, uniq_boris, uniq_sojobo

Skill      XL: |  1  2  3  4  5  6  7  8  9 10 11 12 13 14 15 16 17 18 19 20 21 22 23 24 25 26 27 |
---------------+----------------------------------------------------------------------------------+-----
Fighting       | 4 5 6 7 8 10 11 12 13 14 16 18 19 20 21 22 23 24 26 27 | 27.0
Armour         | 4 5 6 7 8 9 10 11 12 13 14 15 | 15.0
Maces & Flails | 3 5 6 8 9 11 12 14 15 16 19 21 | 21.0
Invocations    | 1 3 4 5 7 8 9 |  9.0
Evocations     | 1 2 4 5 6 7 |  7.0
Shields        | 4 5 6 7 8 10 12 13 14 15 17 18 19 20 21 | 21.0
Air Magic      | 10 11 16 | 16.1
Spellcasting   | 11 | 11.2

Action                   |  1- 3 |  4- 6 |  7- 9 | 10-12 | 13-15 | 16-18 | 19-21 | 22-24 | 25-27 || total
-------------------------+-------+-------+-------+-------+-------+-------+-------+-------+-------++-------
Melee: Flail             |   112 |   221 |       |       |       |       |       |       |       ||   333
       Mace              |       |    11 |   342 |   637 |  1367 |   291 |       |       |       ||  2648
       Bite              |       |       |       |    63 |   219 |   189 |   211 |   321 |   345 ||  1348
       Eveningstar       |       |       |       |       |       |   980 |  1197 |  1836 |   535 ||  4548
       Sacred scourge    |       |       |       |       |       |       |       |       |  1119 ||  1119
Throw: Dart              |       |     3 |       |       |       |       |       |       |       ||     3
Invok: Heroism           |       |       |       |     4 |     6 |    10 |     4 |     2 |     3 ||    29
       Finesse           |       |       |       |       |     4 |     6 |     2 |       |     3 ||    15
       Divine Shield     |       |       |       |       |       |       |       |       |     1 ||     1
 Abil: Stop Flying       |       |       |       |       |       |     1 |     1 |     2 |     1 ||     5
       Fly               |       |       |       |       |       |     1 |     1 |     1 |     1 ||     4
  Use: Scroll            |       |     1 |     5 |    12 |    14 |    11 |    11 |     6 |    36 ||    96
       Potion            |       |       |       |     8 |     1 |     5 |       |       |    20 ||    34
 Stab: Distracted        |       |       |       |       |     1 |       |       |       |       ||     1
       Sleeping          |       |       |       |       |     1 |       |       |       |       ||     1
       Invisible         |       |       |       |       |       |       |       |     1 |       ||     1
  Eat: Chunk             |       |     8 |     9 |    15 |    14 |    14 |    20 |    18 |     2 ||   100
       Ration            |       |       |     1 |     5 |     8 |     7 |     4 |     7 |    12 ||    44
Armor: Scale mail        |    95 |   251 |   215 |   349 |       |       |       |       |       ||   910
       Plate armour      |       |       |       |    11 |       |   538 |   648 |   831 |   746 ||  2774
       Chain mail        |       |       |       |   100 |   102 |       |       |       |       ||   202
       Troll leather arm |       |       |       |       |   329 |       |       |       |       ||   329
       Fire dragon scale |       |       |       |       |   465 |   126 |       |       |       ||   591
       Quicksilver drago |       |       |       |       |       |   252 |       |       |       ||   252
Dodge: Dodged            |    55 |   128 |   116 |   198 |   351 |   260 |   211 |   268 |   256 ||  1843
Block: Kite shield       |    99 |   206 |   189 |   388 |   415 |       |       |       |       ||  1297
       Tower shield      |       |       |       |       |   759 |  1364 |  1229 |  2008 |  1664 ||  7024

Table legend:
 A = Non-vault XP
 B = Vault XP
 C = Vault XP percentage of total XP
 D = Non-vault monster count
 E = Vault monster count
 F = Vault count percentage of total count
                 A         B        C        D         E       F
            +---------+---------+-------+---------+---------+-------
      Total |  669167 |  716293 |  51.7 |    1567 |     907 |  36.7
            +---------+---------+-------+---------+---------+-------
        D:1 |      13 |       9 |  40.9 |       7 |       4 |  36.4
        D:2 |      73 |       0 |   0.0 |      25 |       0 |   0.0
        D:3 |     188 |      68 |  26.6 |      26 |      12 |  31.6
        D:4 |     203 |     174 |  46.2 |      11 |       5 |  31.2
        D:5 |     574 |      40 |   6.5 |      27 |       1 |   3.6
        D:6 |     514 |      15 |   2.8 |      12 |       1 |   7.7
        D:7 |     708 |     423 |  37.4 |      15 |       1 |   6.2
        D:8 |    1732 |       0 |   0.0 |      37 |       0 |   0.0
        D:9 |    1910 |    1474 |  43.6 |      20 |      11 |  35.5
       D:10 |    3041 |    1203 |  28.3 |      49 |       5 |   9.3
       D:11 |   10845 |    2804 |  20.5 |      55 |      13 |  19.1
       D:12 |    4201 |       0 |   0.0 |      16 |       0 |   0.0
       D:13 |   10832 |    7914 |  42.2 |      42 |      34 |  44.7
       D:14 |    3886 |    4665 |  54.6 |      18 |      13 |  41.9
       D:15 |   22417 |    5726 |  20.3 |      65 |       5 |   7.1
     Lair:1 |    3220 |       0 |   0.0 |      13 |       0 |   0.0
     Lair:2 |    3721 |    2237 |  37.5 |      13 |       4 |  23.5
     Lair:3 |    4294 |    3629 |  45.8 |      12 |      13 |  52.0
     Lair:4 |    5989 |    1180 |  16.5 |      21 |       7 |  25.0
     Lair:5 |    7176 |     355 |   4.7 |      33 |       1 |   2.9
     Lair:6 |    5877 |   11315 |  65.8 |      22 |      33 |  60.0
   Shoals:1 |   15316 |    6327 |  29.2 |      33 |       6 |  15.4
   Shoals:2 |   20377 |    6861 |  25.2 |      42 |       7 |  14.3
   Shoals:3 |   18011 |       0 |   0.0 |      35 |       0 |   0.0
   Shoals:4 |   15882 |   27522 |  63.4 |      32 |      36 |  52.9
    Snake:1 |    2685 |    6855 |  71.9 |       9 |       9 |  50.0
    Snake:2 |    7029 |    1248 |  15.1 |      13 |       4 |  23.5
    Snake:3 |   19670 |     969 |   4.7 |      32 |       2 |   5.9
    Snake:4 |   23809 |   36649 |  60.6 |      39 |      63 |  61.8
      Orc:1 |    4475 |    4578 |  50.6 |      42 |       8 |  16.0
      Orc:2 |    4779 |   14293 |  74.9 |      27 |      82 |  75.2
      Elf:1 |   26938 |   11557 |  30.0 |      46 |      16 |  25.8
      Elf:2 |    8593 |   22625 |  72.5 |      13 |      29 |  69.0
   Vaults:1 |   57423 |   13348 |  18.9 |      78 |      22 |  22.0
   Vaults:2 |   42382 |   30423 |  41.8 |      76 |      39 |  33.9
   Vaults:3 |   15006 |   18453 |  55.2 |      39 |      24 |  38.1
   Vaults:4 |   37807 |   27016 |  41.7 |      71 |      36 |  33.6
   Vaults:5 |   22069 |  109507 |  83.2 |      37 |      81 |  68.6
    Crypt:1 |   13536 |   19555 |  59.1 |      35 |      13 |  27.1
    Crypt:2 |   40285 |   32988 |  45.0 |      49 |      15 |  23.4
    Crypt:3 |   37600 |   45037 |  54.5 |      36 |      62 |  63.3
     Tomb:1 |    4795 |   27349 |  85.1 |      23 |      29 |  55.8
     Tomb:2 |     806 |   40849 |  98.1 |       7 |      26 |  78.8
   Depths:1 |   42180 |    2559 |   5.7 |      56 |      14 |  20.0
   Depths:2 |   45860 |   39598 |  46.3 |      69 |      34 |  33.0
   Depths:3 |   21734 |  118737 |  84.5 |      41 |      81 |  66.4
   Depths:4 |    5842 |    7969 |  57.7 |       8 |       4 |  33.3
    Abyss:4 |   22864 |     190 |   0.8 |      40 |       2 |   4.8
            +---------+---------+-------+---------+---------+-------
